 Dungeon Crawl Stone Soup version 0.26-a0-1053-gaff5f71418 (webtiles) character file.

Game seed: 8421383141336962156

10075 sahdkjhfkaj the Cleaver (level 11, -14/95 HPs)
             Began as a Hill Orc Fighter on Dec 12, 2020.
             Was a Priest of Beogh.
             Demolished by a sun demon (20 damage)
             ... summoned by an obsidian statue
             ... in a Gauntlet.
             The game lasted 00:15:00 (13677 turns).

sahdkjhfkaj the Cleaver (Hill Orc Fighter)         Turns: 13677, Time: 00:15:00

Health: -14/95     AC: 20    Str: 26    XL:     11   Next: 56%
Magic:  15/15      EV:  7    Int: 12    God:    Beogh [***...]
Gold:   649        SH: 12    Dex: 10    Spells: 10/10 levels left

rFire    . . .     SeeInvis .   a - +2 hand axe (elec)
rCold    . . .     Faith    .   c - +0 kite shield
rNeg     . . .     Spirit   .   y - +5 chain mail of Jyva {rPois Str+3}
rPois    +         Reflect  .   (no helmet)
rElec    .         Harm     .   D - +2 cloak
rCorr    .         Rampage  .   (no gloves)
Will     .....     NoTele   +   B - +0 pair of boots
Stlth    ..........             E - amulet "Waryid" {RegenMP Int+4 Slay+2}
HPRegen  0.25/turn              (no ring)
MPRegen  0.39/turn              (no ring)

@: no status effects
A: no striking features
a: Smiting, Renounce Religion


You were in a Gauntlet.
You worshipped Beogh.
Beogh was most pleased with you.
You visited 3 branches of the dungeon, and saw 12 of its levels.
You also visited: Gauntlet.

You collected 649 gold pieces.

Inventory:

Hand Weapons
 a - a +2 hand axe of electrocution (weapon)
 C - the +1 broad axe of Trog's Inspiration {vorpal, Str-3 SInv Stlth+}
   (You found it in a Gauntlet)

   It inflicts extra damage upon your enemies.
   It affects your strength (-3).
   It lets you see invisible.
   It makes you more stealthy.
Missiles
 o - 37 poisoned darts (quivered)
 t - a throwing net {!f}
Armour
 c - a +0 kite shield (worn)
 y - the +5 chain mail of Jyva (worn) {rPois Str+3}
   (You found it on level 6 of the Dungeon)

   It affects your strength (+3).
   It protects you from poison.
 B - a +0 pair of boots (worn)
 D - a +2 cloak (worn)
Jewellery
 b - a +6 ring of intelligence {unknown}
 E - the amulet "Waryid" (around neck) {RegenMP Int+4 Slay+2}
   (You found it on level 6 of the Dungeon)

   [amulet of magic regeneration]

   It increases your magic regeneration.
   It affects your intelligence (+4).
   It affects your accuracy and damage with ranged weapons and melee attacks
   (+2).
 F - an uncursed amulet of faith {unknown}
Wands
 p - a wand of acid (6)
 u - a wand of flame (30)
 x - a wand of iceblast (6)
 z - a wand of random effects (14)
Scrolls
 j - a scroll of amnesia {!r}
 l - 6 scrolls of remove curse {!r}
 n - 2 scrolls of enchant weapon {!r}
 s - a scroll of magic mapping {!r}
 v - 2 scrolls of fear {!r, unknown}
 w - 3 scrolls of teleportation {!r}
 G - a scroll of silence {!r, unknown}
 H - a scroll of summoning {!r}
 I - 2 scrolls of enchant armour {!r, unknown}
Potions
 d - a potion of might {!q}
 e - a potion of cancellation {!q, unknown}
 f - a potion of haste {!q}
 g - 3 potions of ambrosia {!q, unknown}
 h - 2 potions of magic {!q, unknown}
 i - 2 potions of resistance {!q}
 k - a potion of heal wounds {!q}
 m - 2 potions of attraction {!q}
 q - 3 potions of lignification {!q, unknown}
 r - 2 potions of curing {!q}
 A - 2 potions of brilliance {!q, unknown}


   Skills:
 + Level 8.8 Fighting
 * Level 12.4 Axes
 + Level 8.1 Armour
 * Level 10.8 Shields
 + Level 6.0 Invocations
 - Level 5.0 Evocations


You had 10 spell levels left.
You didn't know any spells.
Your spell library contained the following spells:

 Spells                   Type           Power        Failure   Level
 Magic Dart               Conj           #...         96%         1
 Searing Ray              Conj           #.....       99%         2
 Dazzling Flash           Conj/Hex       #.....       100%        3
 Fulminant Prism          Conj/Hex       #.........   100%        4
 Iskenderun's Mystic Bla  Conj/Tloc      #.......     100%        4


Dungeon Overview and Level Annotations

Branches:
Dungeon (10/15)            Temple (1/1) D:4            Lair (1/6) D:9
Gauntlet (1/1)
    Orc: D:9-12

Altars:
Ashenzari
Cheibriados
Dithmenos
Elyvilon
Fedhas
Gozag
Hepliaklqana
Kikubaaqudgha
Makhleb
Nemelex Xobeh
Okawaru
Qazlal
Ru
Sif Muna
Trog
Uskayaw
Vehumet
Wu Jian
Xom
Yredelemnul
Zin
The Shining One
Beogh

Annotations:
Gauntlet 9 transporters, 1 runed translucent door, exclusion: 2 obsidian statues


Message History

Lightning courses through the ice devil!
You kill the ice devil!
The sun demon hits you!!
* * * LOW HITPOINT WARNING * * *
You are engulfed in flames!
* * * LOW HITPOINT WARNING * * *
The white imp hits you but does no damage.
You hit the obsidian statue but do no damage.
The obsidian statue is almost destroyed.
You hit the sun demon but do no damage.
Your shield and chain mail of Jyva prevent you from hitting the white imp.
You block the sun demon's attack.
The obsidian statue's eyes glow briefly.
You hit the obsidian statue but do no damage.
The obsidian statue is almost destroyed.
You slash the chaos spawn! You hit the smoke demon.
You hit the white imp but do no damage. You hit the sun demon.
You block the white imp's attack. The sun demon hits you!!
You die...

P.#.#.###...#.#########...≈≈#
# #
♣.#©#...©..©#©#.........♣.≈##
..###.###...#.#########.P.##
....#.#.###.#.#.......#...≈##
≈...#.#.....#.#..##5.##.P.≈≈#
≈≈..#########.#.##..###.♣.≈##
###.........#©###.©##©#...##
#≈..♣P♣P♣.####35##[.#...≈##
#≈≈..P......#.@##.!}#.P.≈≈#
####..PP..♣.#843....#.♣.≈##
#≈..PP.P.#########.P.##
#≈≈..................≈#
####≈≈≈#≈≈≈#≈≈≈#≈≈≈#≈≈≈#
##≈###≈###≈###≈###≈## ### ###
### ### ##


You could see an obsidian statue, a sun demon (summoned), a smoke demon
(summoned), a chaos spawn (summoned), a crimson imp (summoned) and a white imp
(summoned).

Vanquished Creatures
  Erica (D:9)
  A two-headed ogre (D:9)
  An ugly thing (D:8)
  2 komodo dragons
  Grinder (D:3)
  Prince Ribbit (D:5)
  5 yaks (Lair:1)
  2 wyverns
  3 flying skulls (D:10)
  4 wraiths (D:10)
  A shadow (D:10)
  A ynoxinul (Gauntlet)
  Eustachio (D:4)
  Menkaure (D:5)
  Duvessa (D:5)
  2 water moccasins
  A meliai simulacrum (Gauntlet)
  An orc warrior (D:8)
  2 ice beasts
  5 sky beasts
  A phantom (D:4)
  An ogre (D:8)
  An eye of draining (D:9)
  2 centaurs
  4 big kobolds
  7 bullfrogs
  A gnoll sergeant (D:9)
  Dowan (D:5)
  A scorpion (D:5)
  A hornet simulacrum (Gauntlet)
  9 killer bees (D:9)
  6 wights
  A lava snake (D:7)
  4 jellies
  4 iron imps (Gauntlet)
  4 hounds
  2 bullfrog zombies
  3 orc priests
  5 orc wizards
  Crazy Yiuf (D:5)
  2 bullfrog skeletons
  4 centaur skeletons
  Ijyb (D:5)
  Terence (D:3)
  An iguana (D:4)
  Natasha (thrice) (D:3)
  6 worker ants
  A centaur simulacrum (Gauntlet)
  A bullfrog simulacrum (Gauntlet)
  A hound skeleton (D:10)
  7 gnolls
  2 howler monkey skeletons
  6 adders
  A shadow imp (D:8)
  4 white imps
  2 ufetubi
  An ooze (D:5)
  An adder zombie (D:10)
  An adder skeleton (D:8)
  7 worms
  3 dart slugs (D:1)
  5 leopard geckos
  31 orcs
  A ball python (D:6)
  3 giant cockroaches
  4 goblins
  9 hobgoblins
  14 jackals
  29 kobolds
  3 quokkas
  3 bats
  5 frilled lizards
  A jackal zombie (D:6)
  A leopard gecko skeleton (D:5)
  A quokka zombie (D:8)
  7 rats
269 creatures vanquished.

Vanquished Creatures (others)
  13 orcs (D:8)
  2 kobolds (D:8)
  5 demonic plants (Gauntlet)
  44 plants
64 creatures vanquished.

Grand Total: 333 creatures vanquished

Notes
Turn   | Place    | Note
-------+----------+-------------------------------------------
     0 | D:1      | sahdkjhfkaj the Hill Orc Fighter began the quest for the
                  | Orb.
     0 | D:1      | Reached XP level 1. HP: 19/19 MP: 1/1
   230 | D:1      | Reached skill level 3 in Axes
   230 | D:1      | Reached XP level 2. HP: 21/27 MP: 2/2
   615 | D:1      | Reached XP level 3. HP: 23/33 MP: 3/3
  1578 | D:2      | Reached XP level 4. HP: 36/40 MP: 4/4
  1629 | D:2      | Reached skill level 4 in Axes
  2308 | D:3      | Noticed Terence
  2310 | D:3      | Killed Terence
  2311 | D:3      | Reached skill level 1 in Evocations
  2316 | D:3      | Noticed Natasha
  2323 | D:3      | Killed Natasha
  2324 | D:3      | Reached XP level 5. HP: 46/46 MP: 5/5
  2437 | D:3      | Noticed Grinder
  2451 | D:3      | Killed Grinder
  2452 | D:3      | Reached XP level 6. HP: 16/52 MP: 6/6
  2753 | D:3      | Found a faded altar of an unknown god.
  2920 | D:3      | Reached skill level 5 in Evocations
  3046 | D:3      | Noticed Natasha
  3064 | D:3      | Killed Natasha
  3065 | D:3      | Noticed Natasha
  3073 | D:3      | Killed Natasha
  3582 | D:4      | Reached XP level 7. HP: 14/59 MP: 7/7
  4182 | D:4      | Reached skill level 5 in Axes
  4515 | D:4      | Noticed Eustachio
  4584 | D:4      | Killed Eustachio
  4585 | D:4      | Reached skill level 5 in Shields
  4850 | D:4      | Found a glowing golden altar of the Shining One.
  4928 | D:4      | Found a glowing silver altar of Zin.
  5127 | D:4      | Found a staircase to the Ecumenical Temple.
  5258 | D:4      | Reached XP level 8. HP: 38/67 MP: 8/8
  5260 | D:4      | Reached skill level 5 in Fighting
  5260 | D:4      | Reached skill level 6 in Axes
  5449 | Temple   | Entered the Ecumenical Temple
  5824 | D:5      | Entered Level 5 of the Dungeon
  5839 | D:5      | Found a runed translucent door.
  5840 | D:5      | Noticed Crazy Yiuf
  6058 | D:5      | Noticed Menkaure
  6066 | D:5      | Noticed Ijyb
  6069 | D:5      | Killed Menkaure
  6071 | D:5      | Killed Ijyb
  6156 | D:5      | Reached skill level 5 in Armour
  6164 | D:5      | Found an opulent altar of Gozag.
  6174 | D:5      | HP: 3/68 [scorpion (8)]
  6178 | D:5      | Reached skill level 7 in Axes
  6669 | D:5      | Found a sparkling altar of Nemelex Xobeh.
  6670 | D:5      | Found a broken altar of Ashenzari.
  6671 | D:5      | Found a shimmering altar of Xom.
  6705 | D:5      | Noticed Prince Ribbit
  6731 | D:5      | Killed Prince Ribbit
  7008 | D:5      | Found an iron altar of Okawaru.
  7551 | D:5      | Reached XP level 9. HP: 63/75 MP: 9/9
  7634 | D:5      | Killed Crazy Yiuf
  7635 | D:5      | Reached skill level 8 in Axes
  7754 | D:6      | Noticed Duvessa
  7754 | D:6      | Noticed Dowan
  7999 | D:5      | Killed Duvessa
  8006 | D:5      | Killed Dowan
  8159 | D:5      | Found an iron altar of Okawaru.
  8255 | D:5      | Found an opulent altar of Gozag.
  8489 | D:5      | Found a shimmering altar of Xom.
  8490 | D:5      | Found a sparkling altar of Nemelex Xobeh.
  8491 | D:5      | Found a broken altar of Ashenzari.
  8833 | D:6      | Got a smoking chain mail
  8859 | D:6      | Identified the +5 chain mail of Jyva {rPois Str+3} (You
                  | found it on level 6 of the Dungeon)
  9082 | D:6      | Got a clouded brass amulet
  9492 | D:7      | Reached skill level 9 in Axes
  9505 | D:7      | Identified the amulet "Waryid" {RegenMP Int+4 Slay+2} (You
                  | found it on level 6 of the Dungeon)
  9942 | D:8      | Found a roughly hewn altar of Beogh.
  9943 | D:8      | Became a worshipper of Beogh the Brigand
 10103 | D:8      | Reached skill level 1 in Invocations
 10262 | D:8      | Reached * piety under Beogh
 10282 | D:8      | Noticed a white ugly thing
 10289 | D:8      | Killed a white ugly thing
 10290 | D:8      | Reached skill level 10 in Axes
 10290 | D:8      | Reached XP level 10. HP: 23/86 MP: 10/12
 11090 | D:9      | Noticed Erica
 11091 | D:9      | Found a staircase to the Lair.
 11112 | D:9      | Killed Erica
 11217 | D:9      | Noticed a two-headed ogre
 11224 | D:9      | Killed a two-headed ogre
 11225 | D:9      | Reached skill level 11 in Axes
 11281 | D:9      | Found a white marble altar of Elyvilon.
 11548 | D:9      | Found a snail-covered altar of Cheibriados.
 11602 | D:9      | Reached skill level 10 in Shields
 11602 | D:9      | Reached ** piety under Beogh
 11762 | D:9      | Found a stormy altar of Qazlal.
 11797 | D:9      | Reached XP level 11. HP: 70/94 MP: 14/14
 11916 | D:9      | Reached skill level 5 in Invocations
 12354 | D:10     | Entered Level 10 of the Dungeon
 12481 | D:10     | Noticed a skeletal warrior
 12505 | D:10     | Reached skill level 12 in Axes
 12578 | Lair:1   | Entered Level 1 of the Lair of Beasts
 12712 | Lair:1   | Reached *** piety under Beogh
 12754 | Lair:1   | Found a gate leading to a gauntlet.
 12763 | Gauntlet | Entered a Gauntlet
 12763 | Gauntlet | Found a transporter.
 13061 | Gauntlet | Found a transporter.
 13063 | Gauntlet | Found a transporter.
 13072 | Gauntlet | Found a transporter.
 13074 | Gauntlet | Found a transporter.
 13080 | Gauntlet | Noticed an obsidian statue
 13083 | Gauntlet | Found a transporter.
 13099 | Gauntlet | Found a transporter.
 13102 | Gauntlet | Noticed a thrashing horror
 13107 | Gauntlet | Found a runed translucent door.
 13110 | Gauntlet | Found a transporter.
 13120 | Gauntlet | Found a transporter.
 13133 | Gauntlet | Noticed an obsidian statue
 13135 | Gauntlet | Found a transporter.
 13146 | Gauntlet | Found a transporter.
 13147 | Gauntlet | Found a transporter.
 13191 | Gauntlet | Found a transporter.
 13205 | Gauntlet | Found a transporter.
 13648 | Gauntlet | Got a smoking broad axe
 13648 | Gauntlet | Identified the +1 broad axe of Trog's Inspiration {vorpal,
                  | Str-3 SInv Stlth+} (You found it in a Gauntlet)
 13667 | Gauntlet | Noticed a sun demon
 13677 | Gauntlet | Demolished by a sun demon

Illustrated notes

Levels and vault maps discovered:
D:1:      mainiacjoe_arrival_reflecting_pool, layout_basic, serial_forest,
          infiniplex_forest_clump_medium, infiniplex_forest_lined_room_2,
          infiniplex_forest_lined_room_2, infiniplex_forest_straight_3,
          infiniplex_forest_clump_long, infiniplex_forest_clump_small
D:2:      layout_loops_cross, serial_bayou, serial_bayou_lagoon_a,
          serial_bayou_pond_d, serial_bayou_pond_b, serial_bayou_shore_b,
          serial_bayou_pond_b, minmay_misc_feat_ornament
D:3:      layout_loops_corners, chequers_ecumenical_altar_grove, uniq_natasha,
          uniq_terence, uniq_grinder
D:4:      minmay_skewed_foursquare, layout_basic, kennysheep_little_box,
          zin_statuary, minmay_temple_entry_ruins, uniq_eustachio
D:5:      layout_loops_ring, kennysheep_mini_moat, grunt_temple_overflow_open,
          corexii_hall_statues_i, nicolae_gozag_seed_capital, uniq_menkaure,
          uniq_ijyb, uniq_crazy_yiuf_cottage, uniq_prince_ribbit1
D:6:      layout_cave_pools, serial_park, serial_park_tiny_2,
          serial_park_tiny_1, serial_park_tiny_pond, serial_park_gazebo
          [serial_park_minivault_5x5_8], uniq_duvessa
D:7:      layout_rooms, minmay_crystal_room, kennysheep_generic_room_4
D:8:      layout_gridville, special_room [special_room_orc]
D:9:      layout_loops_corners, general_overflow_altar, elyvilon_altar_1,
          slow_altar_1, david_lair_shrubbed, eino_jars, uniq_erica
D:10:     hangedman_screamer, layout_gridville,
          kennysheep_orc_monster_closet_entryway, minmay_holes
Temple:   nicolae_temple_figure_eight
Lair:1:   layout_chaotic_city, gauntlet_entry_generic, lemuel_fruit_tree,
          infiniplex_staircase_pool
Gauntlet: minmay_gauntlet_77_tree [minmay_gauntlet_arena_77_two_paths,
          minmay_gauntlet_arena_77_mirror, minmay_gauntlet_arena_77_museum,
          minmay_gauntlet_arena_77_two_lines, minmay_gauntlet_arena_77_path,
          minmay_gauntlet_arena_77_box, minmay_gauntlet_arena_77_broken_ladder,
          gauntlet_exit_green]

Skill      XL: |  1  2  3  4  5  6  7  8  9 10 11 |
---------------+----------------------------------+-----
Axes           | 3 4 5 7 10 11 12 | 12.4
Fighting       | 4 5 7 8 |  8.8
Shields        | 4 5 6 8 10 | 10.8
Evocations     | 2 4 5 |  5.0
Armour         | 4 5 6 7 8 |  8.1
Invocations    | 2 4 6 |  6.0

Action                   |  1- 3 |  4- 6 |  7- 9 | 10-12 || total
-------------------------+-------+-------+-------+-------++-------
Melee: War axe           |   121 |   139 |   194 |       ||   454
       Dagger            |       |       |   121 |       ||   121
       Hand axe          |       |       |    96 |   306 ||   402
       Unarmed           |       |       |     7 |       ||     7
Invok: Convert to Beogh  |       |       |     1 |       ||     1
Evoke: Wand              |       |       |     5 |       ||     5
  Use: Potion            |       |     4 |     1 |       ||     5
       Scroll            |       |     2 |     6 |     3 ||    11
Armor: Scale mail        |    70 |    56 |   150 |       ||   276
       Chain mail        |       |       |    47 |   164 ||   211
       Skin              |       |       |     4 |       ||     4
Dodge: Dodged            |    47 |    31 |   120 |    77 ||   275
Block: Kite shield       |    54 |    72 |   228 |   167 ||   521

Table legend: (Time is in decaauts)
 A = Elapsed time spent in this place.
 B = Non-inter-level travel time spent in this place.
 C = Inter-level travel time spent in this place.
 D = Time resting spent in this place.
 E = Time spent auto-exploring this place.
 F = Levels seen in this place.
 G = Mean time per level.
                   A        B        C        D        E       F      G
               +--------+--------+--------+--------+--------+-----+--------+
         Total |  13788 |  13154 |    634 |   2015 |   9124 |  13 | 1060.6 |
       Dungeon |  12644 |  12051 |    593 |   1782 |   8402 |  10 | 1264.4 |
        Temple |    193 |    183 |     10 |      0 |    179 |   1 |  193.0 |
          Lair |     52 |     21 |     31 |      0 |      0 |   1 |   52.0 |
      Gauntlet |    898 |    898 |      0 |    233 |    543 |   1 |  898.0 |
               +--------+--------+--------+--------+--------+-----+--------+

Top non-repeatable levels by time:
     D:5: 2781 daAuts
     D:4: 2287 daAuts
     D:9: 1481 daAuts
     D:3: 1334 daAuts
     D:1: 1250 daAuts
     D:8: 1089 daAuts
     D:2: 1046 daAuts
Gauntlet: 898 daAuts
     D:6: 731 daAuts
     D:7: 468 daAuts
  Temple: 193 daAuts
    D:10: 173 daAuts
  Lair:1: 52 daAuts
